WCHLSIM.com - West Coast Hockey League
html PUBLIC "-//W3C//DTD XHTML 1.0 Transitional//EN" "http://www.w3.org/TR/xhtml1/DTD/xhtml1-transitional.dtd"> WCHL - Game 960 - BANFF WOLVES vs REGINA FALCONS

BANFF WOLVES vs REGINA FALCONS

Created - 6 mars 2024 at 20:10

Goals
1 2 3 T
BANFF WOLVES 0 0 0 0
REGINA FALCONS 1 1 1 3
Shots
1 2 3 T
BANFF WOLVES 18 11 15 44
REGINA FALCONS 12 2 13 27

1st period

1. REGINA FALCONS , Dominik Kubalik 7 (Rickard Rakell 39, Justin Schultz 12) at 9:54

Penalties :
Petr Mrazek (REG) for Slashing (Minor) at 1:25 - Patrick Maroon served the penalty., Ian Cole (BAN) for Hooking (Minor) at 7:20

2nd period

2. REGINA FALCONS , Kyle Okposo 5 (Patrick Maroon 2, Patric Hornqvist 1) at 16:52

Penalties :
Dominik Kubalik (REG) for Holding (Minor) at 3:23, Nick Leddy (BAN) for Hooking (Minor) at 8:07

3rd period

3. REGINA FALCONS , Andrei Kuzmenko 21 (Zach Bogosian 4) at 12:49 (PP)

Penalties :
Roman Josi (BAN) for High sticking (Minor) at 12:13

Goalie Stats

Jordan Binnington (BAN), 24 saves from 27 shots - (0,889), L, 27-7-4, 60:00 minutes
Petr Mrazek (REG), 44 saves from 44 shots - (1,000), W, 17-10-4, 60:00 minutes

Players Stats for BANFF WOLVES

Player Name              G  A  P  +/- PIM S  H  SB GA TA FO     MP     PP MP  PK MP  
------------------------------------------------------------------------------------
Adam Erne                0  0  0   0  0   3  1  0  0  0  0/2    10:36   0:00   0:08 
Adam Henrique            0  0  0   0  0   3  0  0  0  0  9/11   10:16   0:00   2:26 
Artemi Panarin           0  0  0  -1  0   0  0  0  0  0  0/2    21:05   2:15   0:00 
Cam Fowler               0  0  0   0  0   2  1  0  0  0  0/0    22:38   0:00   2:33 
Eric Staal               0  0  0   0  0   1  0  0  0  0  0/0    10:28   0:00   0:00 
Ian Cole                 0  0  0   0  2   0  0  1  0  0  0/0    12:23   0:00   0:51 
Jason Dickinson          0  0  0  -1  0   3  1  0  0  0  8/15   22:10   0:00   0:00 
Joel Eriksson Ek         0  0  0   0  0   1  0  1  0  0  10/19  14:19   1:43   2:08 
Marc Staal               0  0  0   0  0   0  0  0  0  0  0/0     0:00   0:00   0:00 
Mats Zuccarello          0  0  0  -1  0   8  1  0  0  0  0/0    16:35   2:15   0:00 
Mikael Backlund          0  0  0  -1  0   2  1  0  0  0  14/26  23:31   2:15   2:26 
Miro Heiskanen           0  0  0   0  0   3  1  2  0  0  0/0    25:26   2:15   2:56 
Nick Leddy               0  0  0   0  2   0  0  0  0  0  0/0    11:32   0:00   0:00 
Quinton Hughes           0  0  0  -2  0   3  0  0  0  0  0/0    22:24   2:15   0:19 
Roman Josi               0  0  0  -2  2   5  0  0  0  0  0/0    23:51   1:43   2:29 
Roope Hintz              0  0  0  -1  0   4  1  0  0  0  4/4    18:03   1:43   2:00 
Timo Meier               0  0  0   0  0   2  0  0  0  0  0/0     9:33   1:43   0:00 
Tyler Toffoli            0  0  0  -1  0   4  2  0  0  0  1/2    20:33   1:43   0:00 

Players Stats for REGINA FALCONS

Player Name              G  A  P  +/- PIM S  H  SB GA TA FO     MP     PP MP  PK MP  
------------------------------------------------------------------------------------
Andrei Kuzmenko          1  0  1   0  0   4  0  0  0  0  0/0    17:18   2:17   0:00 
Daniel D'Amato           0  0  0   0  0   0  0  0  0  0  0/0     8:09   0:00   0:00 
Devin Shore              0  0  0   0  0   1  2  0  0  0  4/10    9:46   0:00   1:37 
Dominik Kubalik          1  0  1   1  2   5  1  0  0  0  0/2    20:43   2:17   0:41 
Eric Robinson            0  0  0   0  0   3  0  0  0  0  0/1    17:18   2:17   0:00 
Justin Schultz           0  1  1   1  0   1  1  2  0  0  0/0    22:00   2:09   0:00 
Kyle Okposo              1  0  1   1  0   4  0  2  0  0  14/18  15:10   2:17   2:21 
Logan Stanley            0  0  0   1  0   1  4  1  0  0  0/0    16:16   1:03   2:02 
Marco Scandella          0  0  0   1  0   0  1  2  0  0  0/0    22:00   2:09   0:00 
Max Jones                0  0  0   1  0   1  2  0  0  0  2/3    20:20   0:00   2:34 
Patric Hornqvist         0  1  1   1  0   0  0  1  0  0  0/2    10:32   0:00   0:00 
Patrick Maroon           0  1  1   1  0   4  1  0  0  0  0/1    11:15   0:00   0:43 
Pierre-Olivier Joseph    0  0  0   0  0   0  2  2  0  0  0/0    21:44   1:22   1:56 
Rickard Rakell           0  1  1   1  0   2  2  0  0  0  9/22   20:03   2:17   0:00 
Simon Ryfors             0  0  0   0  0   0  0  0  0  0  0/0     8:09   0:00   0:00 
Tucker Poolman           0  0  0   1  0   0  0  1  0  0  0/0    16:16   1:03   2:02 
Tyler Motte              0  0  0   0  0   1  1  0  0  0  6/22   17:18   2:17   0:00 
Zach Bogosian            0  1  1   0  0   0  1  2  0  0  0/0    21:44   1:22   1:56 

3 Stars

1 - Petr Mrazek (REG)
2 - Kyle Okposo (REG)
3 - Andrei Kuzmenko (REG)

Power Play

BANFF WOLVES - 0 on 2 Attempt(s) - 0,00%
REGINA FALCONS - 1 on 3 Attempt(s) - 33,33%

Penalty Kill

BANFF WOLVES - 2 on 3 Attempt(s) - 66,67% - Score 0 goal in Penalty Kill
REGINA FALCONS - 2 on 2 Attempt(s) - 100,00% - Score 0 goal in Penalty Kill

Team Stat

BANFF WOLVES - Hits : 9 - Faceoff Wins : 46 - Blocked Shots : 4 - Penalty Minutes : 6
REGINA FALCONS - Hits : 18 - Faceoff Wins : 35 - Blocked Shots : 13 - Penalty Minutes : 4

Official

Referees : Ryan Hersey and Francois St-Laurent
Linesman : Tyson Baker and Steve Miller

Game Notes

No Game Note

Finance

Level 1 -- Attendance: 4552 (75,87%) -- Ticket Income 1 069 720 $
Level 2 -- Attendance: 3271 (65,42%) -- Ticket Income 588 780 $
Level 3 -- Attendance: 1413 (70,65%) -- Ticket Income 197 820 $
Level 4 -- Attendance: 3137 (78,43%) -- Ticket Income 282 330 $
Luxury Box -- Attendance: 1000 (100,00%) -- Ticket Income 220 000 $
Game was played at the Larouche Arena.
Total Attendance: 13373 (74,29%)
Total Ticket Income: 2 358 650 $
Other Expense: 23 586 $
Total Income: 2 335 064 $

BANFF WOLVES

5 vs 5 Forward 
   Center                   Left Wing                Right Wing               Time % Phy DF OF 
 1 Jason Dickinson          Roope Hintz              Mats Zuccarello          36     0   1  4  
 2 Mikael Backlund          Artemi Panarin           Tyler Toffoli            34     0   1  4  
 3 Adam Henrique            Jason Dickinson          Timo Meier               25     0   1  4  
 4 Joel Eriksson Ek         Eric Staal               Adam Erne                5      0   4  1  

5 vs 5 Defense 
   Defense                  Defense                                           Time % Phy DF OF 
 1 Quinton Hughes           Roman Josi                                        41     0   1  4  
 2 Miro Heiskanen           Cam Fowler                                        41     0   1  4  
 3 Ian Cole                 Nick Leddy                                        9      1   3  1  
 4 Quinton Hughes           Miro Heiskanen                                    9      0   0  5  

PowerPlay Forward 
   Center                   Left Wing                Right Wing               Time % Phy DF OF 
 1 Mikael Backlund          Artemi Panarin           Mats Zuccarello          60     0   0  5  
 2 Joel Eriksson Ek         Tyler Toffoli            Timo Meier               40     0   0  5  

PowerPlay Defense
   Defense                  Defense                                           Time % Phy DF OF 
 1 Quinton Hughes           Miro Heiskanen                                    60     0   0  5  
 2 Roman Josi               Roope Hintz                                       40     0   0  5  

Penalty Kill 4 Players Forward 
   Center                   Wing                     Time % Phy DF OF 
 1 Joel Eriksson Ek         Roope Hintz              50     0   5  0  
 2 Mikael Backlund          Adam Henrique            50     0   5  0  

Penalty Kill 4 Players Defense
   Defense                  Defense                  Time % Phy DF OF 
 1 Miro Heiskanen           Ian Cole                 50     0   5  0  
 2 Roman Josi               Cam Fowler               50     0   5  0  

Penalty Kill - 3 Players Forward 
   Forward                                           Time % Phy DF OF 
 1 Mikael Backlund                                   50     0   5  0  
 2 Joel Eriksson Ek                                  50     0   5  0  

Penalty Kill - 3 Players Defense
   Defense                  Defense                  Time % Phy DF OF 
 1 Cam Fowler               Roman Josi               50     0   5  0  
 2 Quinton Hughes           Miro Heiskanen           50     0   5  0  

4 vs 4 Forward 
   Center                   Wing                     Time % Phy DF OF 
 1 Mikael Backlund          Artemi Panarin           55     0   1  4  
 2 Joel Eriksson Ek         Mats Zuccarello          45     0   1  4  

4 vs 4 Defense
   Defense                  Defense                  Time % Phy DF OF 
 1 Miro Heiskanen           Roman Josi               55     0   1  4  
 2 Quinton Hughes           Cam Fowler               45     0   1  4  

Last Minutes Offensive
   Center                   Left Wing                Right Wing               Defense                  Defense                  
   Mikael Backlund          Artemi Panarin           Mats Zuccarello          Quinton Hughes           Roman Josi               

Last Minutes Defensive
   Center                   Left Wing                Right Wing               Defense                  Defense                  
   Mikael Backlund          Adam Henrique            Mats Zuccarello          Roman Josi               Miro Heiskanen           

Goaltenders
Starting : Jordan Binnington        
Backup : Joey Daccord             

Extra Forwards
Normal : Artemi Panarin, Mats Zuccarello, Mikael Backlund - PP : Mats Zuccarello, Artemi Panarin - PK : Roope Hintz
Extra Defensemen
Normal : Quinton Hughes, Miro Heiskanen, Roman Josi - PP : Quinton Hughes - PK : Roman Josi, Miro Heiskanen
Penalty Shots
Tyler Toffoli, Mats Zuccarello, Artemi Panarin, Joel Eriksson Ek, Roope Hintz
Custom OT Lines Forwards
Artemi Panarin, Mats Zuccarello, Mikael Backlund, Roope Hintz, Joel Eriksson Ek, Adam Henrique, Tyler Toffoli, Jason Dickinson, Timo Meier, Eric Staal
Custom OT Lines Defensemen
Quinton Hughes, Cam Fowler, Miro Heiskanen, Roman Josi, Nick Leddy

Scratches
Elias Lindholm (Suspend), Nick Bonino (Sprained Right Ankle Injury), Simon Benoit (Healthy)

REGINA FALCONS

5 vs 5 Forward 
   Center                   Left Wing                Right Wing               Time % Phy DF OF 
 1 Rickard Rakell           Dominik Kubalik          Max Jones                36     1   1  3  
 2 Tyler Motte              Andrei Kuzmenko          Eric Robinson            31     1   1  3  
 3 Kyle Okposo              Patrick Maroon           Patric Hornqvist         23     1   2  2  
 4 Devin Shore              Simon Ryfors             Daniel D'Amato           10     1   2  2  

5 vs 5 Defense 
   Defense                  Defense                                           Time % Phy DF OF 
 1 Justin Schultz           Marco Scandella                                   36     1   1  3  
 2 Zach Bogosian            Pierre-Olivier Joseph                             31     1   1  3  
 3 Logan Stanley            Tucker Poolman                                    23     1   2  2  
 4 Justin Schultz           Marco Scandella                                   10     1   2  2  

PowerPlay Forward 
   Center                   Left Wing                Right Wing               Time % Phy DF OF 
 1 Rickard Rakell           Dominik Kubalik          Kyle Okposo              55     1   2  2  
 2 Tyler Motte              Andrei Kuzmenko          Eric Robinson            45     1   2  2  

PowerPlay Defense
   Defense                  Defense                                           Time % Phy DF OF 
 1 Justin Schultz           Marco Scandella                                   55     1   2  2  
 2 Zach Bogosian            Pierre-Olivier Joseph                             45     1   2  2  

Penalty Kill 4 Players Forward 
   Center                   Wing                     Time % Phy DF OF 
 1 Kyle Okposo              Max Jones                55     1   2  2  
 2 Devin Shore              Patrick Maroon           45     1   2  2  

Penalty Kill 4 Players Defense
   Defense                  Defense                  Time % Phy DF OF 
 1 Zach Bogosian            Pierre-Olivier Joseph    55     1   2  2  
 2 Logan Stanley            Tucker Poolman           45     1   2  2  

Penalty Kill - 3 Players Forward 
   Forward                                           Time % Phy DF OF 
 1 Kyle Okposo                                       55     1   2  2  
 2 Devin Shore                                       45     1   2  2  

Penalty Kill - 3 Players Defense
   Defense                  Defense                  Time % Phy DF OF 
 1 Zach Bogosian            Pierre-Olivier Joseph    55     1   2  2  
 2 Logan Stanley            Tucker Poolman           45     1   2  2  

4 vs 4 Forward 
   Center                   Wing                     Time % Phy DF OF 
 1 Rickard Rakell           Dominik Kubalik          55     1   2  2  
 2 Kyle Okposo              Andrei Kuzmenko          45     1   2  2  

4 vs 4 Defense
   Defense                  Defense                  Time % Phy DF OF 
 1 Justin Schultz           Marco Scandella          55     1   2  2  
 2 Zach Bogosian            Pierre-Olivier Joseph    45     1   2  2  

Last Minutes Offensive
   Center                   Left Wing                Right Wing               Defense                  Defense                  
   Rickard Rakell           Andrei Kuzmenko          Max Jones                Justin Schultz           Marco Scandella          

Last Minutes Defensive
   Center                   Left Wing                Right Wing               Defense                  Defense                  
   Rickard Rakell           Andrei Kuzmenko          Max Jones                Justin Schultz           Marco Scandella          

Goaltenders
Starting : Petr Mrazek              
Backup : Anton Khudobin           

Extra Forwards
Normal : Daniel D'Amato, Patrick Maroon, Max Jones - PP : Daniel D'Amato, Patrick Maroon - PK : Max Jones
Extra Defensemen
Normal : Logan Stanley, Tucker Poolman, Marco Scandella - PP : Logan Stanley - PK : Tucker Poolman, Marco Scandella
Penalty Shots
Rickard Rakell, Andrei Kuzmenko, Dominik Kubalik, Kyle Okposo, Tyler Motte
Custom OT Lines Forwards
Rickard Rakell, Andrei Kuzmenko, Dominik Kubalik, Kyle Okposo, Tyler Motte, Eric Robinson, Patrick Maroon, Max Jones, Simon Ryfors, Devin Shore
Custom OT Lines Defensemen
Justin Schultz, Zach Bogosian, Marco Scandella, Pierre-Olivier Joseph, Logan Stanley

Scratches
Jacob Peterson (Back Spasms Injury), Filip Roos (Bruised Right Shoulder Injury), Semyon Varlamov (Bruised Right Leg Injury), Chris Driedger (Healthy)

% Time on Ice - BANFF WOLVES

Lines # - Real PCT - Wanted PCT - Time Play
Normal Forward
1 - 28% - 36% - 14:20
2 - 37% - 34% - 18:50
3 - 15% - 25% - 7:50
4 - 20% - 5% - 10:28
Normal Defense
1 - 38% - 41% - 19:40
2 - 39% - 41% - 20:05
3 - 22% - 9% - 11:33
4 - 0% - 9% - 0:10
PP Forward
1 - 57% - 60% - 2:15
2 - 43% - 40% - 1:43
PP Defense
1 - 57% - 60% - 2:15
2 - 43% - 40% - 1:43
PK Forward
1 - 47% - 50% - 2:08
2 - 53% - 50% - 2:26
PK Defense
1 - 51% - 50% - 2:20
2 - 49% - 50% - 2:14
PK3 Forward
1 - 0% - 50%
2 - 0% - 50%
PK3 Defense
1 - 0% - 50%
2 - 0% - 50%
44 Forward
1 - 0% - 55%
2 - 0% - 45%
44 Defense
1 - 0% - 55%
2 - 0% - 45%
Last Minute Offensive  - 0:00
Last Minute Defensive  - 0:00
Total
Forward - 60:00
Defense - 60:00

% Time on Ice - REGINA FALCONS

Lines # - Real PCT - Wanted PCT - Time Play
Normal Forward
1 - 35% - 36% - 17:46
2 - 29% - 31% - 15:01
3 - 20% - 23% - 10:32
4 - 16% - 10% - 8:09
Normal Defense
1 - 34% - 36% - 17:43
2 - 36% - 31% - 18:26
3 - 26% - 23% - 13:11
4 - 4% - 10% - 2:08
PP Forward
1 - 50% - 55% - 2:17
2 - 50% - 45% - 2:17
PP Defense
1 - 47% - 55% - 2:09
2 - 53% - 45% - 2:25
PK Forward
1 - 59% - 55% - 2:21
2 - 41% - 45% - 1:37
PK Defense
1 - 49% - 55% - 1:56
2 - 51% - 45% - 2:02
PK3 Forward
1 - 0% - 55%
2 - 0% - 45%
PK3 Defense
1 - 0% - 55%
2 - 0% - 45%
44 Forward
1 - 0% - 55%
2 - 0% - 45%
44 Defense
1 - 0% - 55%
2 - 0% - 45%
Last Minute Offensive  - 0:00
Last Minute Defensive  - 0:00
Total
Forward - 60:00
Defense - 60:00

Play-by-Play

1st period


0:01 of 1st period - Jason Dickinson wins face-off versus Max Jones in neutral zone.
0:01 of 1st period - Jason Dickinson is hit by Max Jones.
0:12 of 1st period - Mats Zuccarello is hit by Marco Scandella and loses puck.
0:17 of 1st period - Shot by Roope Hintz.
0:17 of 1st period - Stopped by Petr Mrazek with a rebound.
0:19 of 1st period - Shot by Roman Josi.
0:19 of 1st period - Stopped by Petr Mrazek without a rebound.
0:20 of 1st period - Mikael Backlund wins face-off versus Tyler Motte in REGINA FALCONS zone.
0:20 of 1st period - Mikael Backlund is hit by Zach Bogosian.
0:47 of 1st period - Shot by Andrei Kuzmenko.
0:47 of 1st period - Shot Blocked by Miro Heiskanen.
0:54 of 1st period - Tyler Motte is hit by Miro Heiskanen and loses puck.
0:57 of 1st period - Shot by Eric Robinson.
0:57 of 1st period - Stopped by Jordan Binnington without a rebound.
0:58 of 1st period - Adam Henrique wins face-off versus Kyle Okposo in BANFF WOLVES zone.
1:07 of 1st period - Shot by Adam Henrique.
1:07 of 1st period - Shot Blocked by Patric Hornqvist.
1:09 of 1st period - Shot by Adam Henrique.
1:09 of 1st period - Shot Misses the Net.
1:11 of 1st period - Shot by Adam Henrique.
1:11 of 1st period - Deflect By Timo Meier.
1:11 of 1st period - Stopped by Petr Mrazek with a rebound.
1:25 of 1st period - Shot by Timo Meier.
1:25 of 1st period - Stopped by Petr Mrazek without a rebound.
1:25 of 1st period - Minor Penalty to Petr Mrazek for Slashing.
1:26 of 1st period - Mikael Backlund wins face-off versus Kyle Okposo in REGINA FALCONS zone.
2:09 of 1st period - Shot by Mikael Backlund.
2:09 of 1st period - Shot Misses the Net.
2:11 of 1st period - Shot by Quinton Hughes.
2:11 of 1st period - Shot Blocked by Logan Stanley.
2:13 of 1st period - Shot by Miro Heiskanen.
2:13 of 1st period - Stopped by Petr Mrazek without a rebound.
2:14 of 1st period - Devin Shore wins face-off versus Joel Eriksson Ek in REGINA FALCONS zone.
2:27 of 1st period - Shot by Roman Josi.
2:27 of 1st period - Stopped by Petr Mrazek without a rebound.
2:28 of 1st period - Kyle Okposo wins face-off versus Joel Eriksson Ek in REGINA FALCONS zone.
3:05 of 1st period - Shot by Roope Hintz.
3:05 of 1st period - Stopped by Petr Mrazek without a rebound.
3:06 of 1st period - Kyle Okposo wins face-off versus Mikael Backlund in REGINA FALCONS zone.
3:28 of 1st period - Shot by Jason Dickinson.
3:28 of 1st period - Stopped by Petr Mrazek without a rebound.
3:29 of 1st period - Tyler Motte wins face-off versus Jason Dickinson in REGINA FALCONS zone.
3:38 of 1st period - Shot by Andrei Kuzmenko.
3:38 of 1st period - Shot Misses the Net.
3:54 of 1st period - Shot by Tyler Motte.
3:54 of 1st period - Shot Misses the Net.
3:56 of 1st period - Shot by Andrei Kuzmenko.
3:56 of 1st period - Shot Misses the Net.
4:25 of 1st period - Shot by Simon Ryfors.
4:25 of 1st period - Shot Misses the Net.
4:27 of 1st period - Shot by Logan Stanley.
4:27 of 1st period - Stopped by Jordan Binnington without a rebound.
4:28 of 1st period - Rickard Rakell wins face-off versus Mikael Backlund in BANFF WOLVES zone.
4:33 of 1st period - Shot by Max Jones.
4:33 of 1st period - Shot Misses the Net.
4:36 of 1st period - Icing by Roman Josi.
4:37 of 1st period - Rickard Rakell wins face-off versus Mikael Backlund in BANFF WOLVES zone.
4:40 of 1st period - Shot by Max Jones.
4:40 of 1st period - Stopped by Jordan Binnington without a rebound.
4:41 of 1st period - Max Jones wins face-off versus Mikael Backlund in BANFF WOLVES zone.
5:28 of 1st period - Icing by Rickard Rakell.
5:29 of 1st period - Rickard Rakell wins face-off versus Jason Dickinson in REGINA FALCONS zone.
6:08 of 1st period - Shot by Timo Meier.
6:08 of 1st period - Shot Misses the Net.
6:30 of 1st period - Shot by Joel Eriksson Ek.
6:30 of 1st period - Stopped by Petr Mrazek without a rebound.
6:31 of 1st period - Mikael Backlund wins face-off versus Tyler Motte in REGINA FALCONS zone.
7:00 of 1st period - Shot by Mikael Backlund.
7:00 of 1st period - Deflect By Tyler Toffoli.
7:00 of 1st period - Stopped by Petr Mrazek without a rebound.
7:01 of 1st period - Rickard Rakell wins face-off versus Adam Erne in REGINA FALCONS zone.
7:20 of 1st period - Minor Penalty to Ian Cole for Hooking.
7:21 of 1st period - Mikael Backlund wins face-off versus Eric Robinson in BANFF WOLVES zone.
7:33 of 1st period - Icing by Andrei Kuzmenko.
7:34 of 1st period - Tyler Motte wins face-off versus Adam Henrique in REGINA FALCONS zone.
7:34 of 1st period - Tyler Motte is hit by Mikael Backlund.
8:52 of 1st period - Shot by Adam Henrique.
8:52 of 1st period - Stopped by Petr Mrazek without a rebound.
8:53 of 1st period - Joel Eriksson Ek wins face-off versus Rickard Rakell in REGINA FALCONS zone.
9:06 of 1st period - Shot by Kyle Okposo.
9:06 of 1st period - Stopped by Jordan Binnington without a rebound.
9:07 of 1st period - Joel Eriksson Ek wins face-off versus Tyler Motte in BANFF WOLVES zone.
9:24 of 1st period - Shot by Tucker Poolman.
9:24 of 1st period - Shot Blocked by Ian Cole.
9:38 of 1st period - Shot by Roope Hintz.
9:38 of 1st period - Stopped by Petr Mrazek with a rebound.
9:40 of 1st period - Shot by Jason Dickinson.
9:40 of 1st period - Stopped by Petr Mrazek without a rebound.
9:41 of 1st period - Rickard Rakell wins face-off versus Mikael Backlund in REGINA FALCONS zone.
9:54 of 1st period - Shot by Dominik Kubalik.
9:54 of 1st period - Goal by Dominik Kubalik - BANFF WOLVES : 0 - REGINA FALCONS : 1.
9:55 of 1st period - Jason Dickinson wins face-off versus Tyler Motte in neutral zone.
9:58 of 1st period - Shot by Mats Zuccarello.
9:58 of 1st period - Shot Blocked by Zach Bogosian.
10:24 of 1st period - Shot by Roope Hintz.
10:24 of 1st period - Shot Misses the Net.
10:26 of 1st period - Shot by Jason Dickinson.
10:26 of 1st period - Shot Misses the Net.
11:14 of 1st period - Shot by Dominik Kubalik.
11:14 of 1st period - Stopped by Jordan Binnington without a rebound.
11:15 of 1st period - Kyle Okposo wins face-off versus Joel Eriksson Ek in BANFF WOLVES zone.
12:23 of 1st period - Shot by Quinton Hughes.
12:23 of 1st period - Deflect By Tyler Toffoli.
12:23 of 1st period - Stopped by Petr Mrazek with a rebound.
13:28 of 1st period - Shot by Mats Zuccarello.
13:28 of 1st period - Stopped by Petr Mrazek with a rebound.
13:40 of 1st period - Shot by Mats Zuccarello.
13:40 of 1st period - Stopped by Petr Mrazek with a rebound.
13:46 of 1st period - Shot by Mats Zuccarello.
13:46 of 1st period - Stopped by Petr Mrazek with a rebound.
13:48 of 1st period - Shot by Cam Fowler.
13:48 of 1st period - Stopped by Petr Mrazek without a rebound.
13:49 of 1st period - Joel Eriksson Ek wins face-off versus Tyler Motte in REGINA FALCONS zone.
14:18 of 1st period - Shot by Eric Robinson.
14:18 of 1st period - Stopped by Jordan Binnington with a rebound.
16:39 of 1st period - Shot by Dominik Kubalik.
16:39 of 1st period - Stopped by Jordan Binnington without a rebound.
16:40 of 1st period - Jason Dickinson wins face-off versus Devin Shore in BANFF WOLVES zone.
16:40 of 1st period - Jason Dickinson is hit by Devin Shore.
16:57 of 1st period - Shot by Devin Shore.
16:57 of 1st period - Stopped by Jordan Binnington without a rebound.
16:58 of 1st period - Kyle Okposo wins face-off versus Joel Eriksson Ek in BANFF WOLVES zone.
16:59 of 1st period - Shot by Justin Schultz.
16:59 of 1st period - Stopped by Jordan Binnington with a rebound.
17:05 of 1st period - Shot by Kyle Okposo.
17:05 of 1st period - Shot Misses the Net.
17:11 of 1st period - Shot by Kyle Okposo.
17:11 of 1st period - Stopped by Jordan Binnington without a rebound.
17:12 of 1st period - Jason Dickinson wins face-off versus Devin Shore in BANFF WOLVES zone.
17:12 of 1st period - Jason Dickinson is hit by Logan Stanley.
18:13 of 1st period - Quinton Hughes is hit by Devin Shore and loses puck.
18:47 of 1st period - Tyler Toffoli is hit by Logan Stanley and loses puck.
19:22 of 1st period - Shot by Eric Staal.
19:22 of 1st period - Deflect By Joel Eriksson Ek.
19:22 of 1st period - Shot Misses the Net.
19:32 of 1st period - Shot by Dominik Kubalik.
19:32 of 1st period - Stopped by Jordan Binnington without a rebound.
19:33 of 1st period - Kyle Okposo wins face-off versus Jason Dickinson in BANFF WOLVES zone.
Goals for this period are 0 for BANFF WOLVES vs 1 for REGINA FALCONS.
Shots for this period are 18 for BANFF WOLVES vs 12 for REGINA FALCONS.

2nd period


0:01 of 2nd period - Adam Henrique wins face-off versus Dominik Kubalik in neutral zone.
1:58 of 2nd period - Off-side.
1:59 of 2nd period - Joel Eriksson Ek wins face-off versus Kyle Okposo in neutral zone.
2:09 of 2nd period - Icing by Ian Cole.
2:10 of 2nd period - Joel Eriksson Ek wins face-off versus Devin Shore in BANFF WOLVES zone.
2:30 of 2nd period - Nick Leddy is hit by Justin Schultz.
3:23 of 2nd period - Minor Penalty to Dominik Kubalik for Holding.
3:24 of 2nd period - Kyle Okposo wins face-off versus Mikael Backlund in REGINA FALCONS zone.
3:33 of 2nd period - Max Jones is hit by Mats Zuccarello and loses puck.
3:48 of 2nd period - Shot by Mats Zuccarello.
3:48 of 2nd period - Stopped by Petr Mrazek without a rebound.
3:49 of 2nd period - Kyle Okposo wins face-off versus Joel Eriksson Ek in REGINA FALCONS zone.
4:07 of 2nd period - Shot by Joel Eriksson Ek.
4:07 of 2nd period - Shot Misses the Net.
4:09 of 2nd period - Shot by Roman Josi.
4:09 of 2nd period - Stopped by Petr Mrazek with a rebound.
4:11 of 2nd period - Shot by Roope Hintz.
4:11 of 2nd period - Shot Blocked by Kyle Okposo.
4:13 of 2nd period - Shot by Roman Josi.
4:13 of 2nd period - Shot Blocked by Pierre-Olivier Joseph.
4:23 of 2nd period - Shot by Roope Hintz.
4:23 of 2nd period - Shot Blocked by Zach Bogosian.
4:25 of 2nd period - Shot by Roman Josi.
4:25 of 2nd period - Stopped by Petr Mrazek without a rebound.
4:26 of 2nd period - Devin Shore wins face-off versus Mikael Backlund in REGINA FALCONS zone.
4:32 of 2nd period - Icing by Miro Heiskanen.
4:33 of 2nd period - Mikael Backlund wins face-off versus Devin Shore in BANFF WOLVES zone.
4:48 of 2nd period - Shot by Miro Heiskanen.
4:48 of 2nd period - Shot Hit the Post.
4:50 of 2nd period - Shot by Miro Heiskanen.
4:50 of 2nd period - Shot Blocked by Tucker Poolman.
5:08 of 2nd period - Shot by Quinton Hughes.
5:08 of 2nd period - Stopped by Petr Mrazek without a rebound.
5:09 of 2nd period - Kyle Okposo wins face-off versus Joel Eriksson Ek in REGINA FALCONS zone.
5:52 of 2nd period - Shot by Timo Meier.
5:52 of 2nd period - Deflect By Jason Dickinson.
5:52 of 2nd period - Stopped by Petr Mrazek without a rebound.
5:53 of 2nd period - Rickard Rakell wins face-off versus Artemi Panarin in REGINA FALCONS zone.
6:35 of 2nd period - Zach Bogosian is hit by Tyler Toffoli and loses puck.
6:58 of 2nd period - Rickard Rakell is hit by Roope Hintz and loses puck.
7:11 of 2nd period - Shot by Mats Zuccarello.
7:11 of 2nd period - Shot Blocked by Pierre-Olivier Joseph.
7:32 of 2nd period - Icing by Miro Heiskanen.
7:33 of 2nd period - Kyle Okposo wins face-off versus Jason Dickinson in BANFF WOLVES zone.
7:59 of 2nd period - Kyle Okposo is hit by Adam Erne and loses puck.
8:07 of 2nd period - Minor Penalty to Nick Leddy for Hooking.
8:08 of 2nd period - Mikael Backlund wins face-off versus Tyler Motte in BANFF WOLVES zone.
9:40 of 2nd period - Joel Eriksson Ek is hit by Rickard Rakell and loses puck.
10:35 of 2nd period - Shot by Jason Dickinson.
10:35 of 2nd period - Shot Blocked by Marco Scandella.
10:57 of 2nd period - Off-side.
10:58 of 2nd period - Mikael Backlund wins face-off versus Tyler Motte in neutral zone.
11:07 of 2nd period - Shot by Tyler Toffoli.
11:07 of 2nd period - Stopped by Petr Mrazek without a rebound.
11:08 of 2nd period - Mikael Backlund wins face-off versus Tyler Motte in REGINA FALCONS zone.
11:08 of 2nd period - Mikael Backlund is hit by Pierre-Olivier Joseph.
11:54 of 2nd period - Shot by Tyler Toffoli.
11:54 of 2nd period - Shot Misses the Net.
12:36 of 2nd period - Shot by Patrick Maroon.
12:36 of 2nd period - Stopped by Jordan Binnington without a rebound.
12:37 of 2nd period - Joel Eriksson Ek wins face-off versus Dominik Kubalik in BANFF WOLVES zone.
12:37 of 2nd period - Joel Eriksson Ek is hit by Max Jones.
13:09 of 2nd period - Off-side.
13:10 of 2nd period - Mikael Backlund wins face-off versus Devin Shore in neutral zone.
13:33 of 2nd period - Cam Fowler is hit by Logan Stanley and loses puck.
14:13 of 2nd period - Icing by Quinton Hughes.
14:14 of 2nd period - Jason Dickinson wins face-off versus Rickard Rakell in BANFF WOLVES zone.
14:14 of 2nd period - Jason Dickinson is hit by Dominik Kubalik.
15:27 of 2nd period - Shot by Eric Staal.
15:27 of 2nd period - Shot Blocked by Marco Scandella.
15:33 of 2nd period - Shot by Eric Staal.
15:33 of 2nd period - Shot Misses the Net.
15:35 of 2nd period - Shot by Nick Leddy.
15:35 of 2nd period - Deflect By Joel Eriksson Ek.
15:35 of 2nd period - Shot Misses the Net.
15:37 of 2nd period - Shot by Ian Cole.
15:37 of 2nd period - Shot Misses the Net.
16:01 of 2nd period - Shot by Mikael Backlund.
16:01 of 2nd period - Stopped by Petr Mrazek without a rebound.
16:02 of 2nd period - Tyler Motte wins face-off versus Mikael Backlund in REGINA FALCONS zone.
16:07 of 2nd period - Shot by Tyler Motte.
16:07 of 2nd period - Shot Misses the Net.
16:13 of 2nd period - Shot by Artemi Panarin.
16:13 of 2nd period - Shot Misses the Net.
16:15 of 2nd period - Shot by Miro Heiskanen.
16:15 of 2nd period - Stopped by Petr Mrazek with a rebound.
16:17 of 2nd period - Shot by Mikael Backlund.
16:17 of 2nd period - Shot Misses the Net.
16:19 of 2nd period - Shot by Miro Heiskanen.
16:19 of 2nd period - Stopped by Petr Mrazek without a rebound.
16:20 of 2nd period - Roope Hintz wins face-off versus Patrick Maroon in REGINA FALCONS zone.
16:25 of 2nd period - Shot by Mats Zuccarello.
16:25 of 2nd period - Stopped by Petr Mrazek with a rebound.
16:39 of 2nd period - Shot by Kyle Okposo.
16:39 of 2nd period - Deflect By Patric Hornqvist.
16:39 of 2nd period - Shot Misses the Net.
16:52 of 2nd period - Shot by Kyle Okposo.
16:52 of 2nd period - Goal by Kyle Okposo - BANFF WOLVES : 0 - REGINA FALCONS : 2.
16:53 of 2nd period - Tyler Motte wins face-off versus Mikael Backlund in neutral zone.
17:14 of 2nd period - Zach Bogosian is hit by Tyler Toffoli.
17:40 of 2nd period - Off-side.
17:41 of 2nd period - Devin Shore wins face-off versus Jason Dickinson in neutral zone.
18:20 of 2nd period - Shot by Quinton Hughes.
18:20 of 2nd period - Shot Misses the Net.
18:22 of 2nd period - Shot by Roman Josi.
18:22 of 2nd period - Stopped by Petr Mrazek without a rebound.
18:23 of 2nd period - Kyle Okposo wins face-off versus Joel Eriksson Ek in REGINA FALCONS zone.
19:03 of 2nd period - Shot by Joel Eriksson Ek.
19:03 of 2nd period - Shot Blocked by Justin Schultz.
19:37 of 2nd period - Shot by Mikael Backlund.
19:37 of 2nd period - Shot Misses the Net.
Goals for this period are 0 for BANFF WOLVES vs 1 for REGINA FALCONS.
Shots for this period are 11 for BANFF WOLVES vs 2 for REGINA FALCONS.

3rd period


0:01 of 3rd period - Adam Henrique wins face-off versus Rickard Rakell in neutral zone.
0:14 of 3rd period - Icing by Jason Dickinson.
0:15 of 3rd period - Tyler Motte wins face-off versus Adam Henrique in BANFF WOLVES zone.
0:18 of 3rd period - Shot by Eric Robinson.
0:18 of 3rd period - Stopped by Jordan Binnington without a rebound.
0:19 of 3rd period - Jason Dickinson wins face-off versus Rickard Rakell in BANFF WOLVES zone.
0:53 of 3rd period - Shot by Cam Fowler.
0:53 of 3rd period - Shot Misses the Net.
0:55 of 3rd period - Shot by Roope Hintz.
0:55 of 3rd period - Stopped by Petr Mrazek without a rebound.
0:56 of 3rd period - Tyler Toffoli wins face-off versus Tyler Motte in REGINA FALCONS zone.
1:55 of 3rd period - Miro Heiskanen is hit by Tyler Motte and loses puck.
2:07 of 3rd period - Icing by Miro Heiskanen.
2:08 of 3rd period - Adam Henrique wins face-off versus Rickard Rakell in BANFF WOLVES zone.
2:19 of 3rd period - Shot by Rickard Rakell.
2:19 of 3rd period - Stopped by Jordan Binnington without a rebound.
2:20 of 3rd period - Joel Eriksson Ek wins face-off versus Patric Hornqvist in BANFF WOLVES zone.
2:26 of 3rd period - Eric Staal is hit by Logan Stanley and loses puck.
2:53 of 3rd period - Shot by Adam Erne.
2:53 of 3rd period - Stopped by Petr Mrazek without a rebound.
2:54 of 3rd period - Roope Hintz wins face-off versus Rickard Rakell in REGINA FALCONS zone.
3:16 of 3rd period - Shot by Cam Fowler.
3:16 of 3rd period - Shot Blocked by Justin Schultz.
3:28 of 3rd period - Shot by Roope Hintz.
3:28 of 3rd period - Shot Misses the Net.
3:45 of 3rd period - Icing by Justin Schultz.
3:46 of 3rd period - Rickard Rakell wins face-off versus Mikael Backlund in REGINA FALCONS zone.
4:00 of 3rd period - Quinton Hughes is hit by Pierre-Olivier Joseph and loses puck.
4:13 of 3rd period - Shot by Eric Robinson.
4:13 of 3rd period - Shot Misses the Net.
5:11 of 3rd period - Adam Erne is hit by Patrick Maroon.
5:45 of 3rd period - Shot by Adam Henrique.
5:45 of 3rd period - Stopped by Petr Mrazek without a rebound.
5:46 of 3rd period - Adam Henrique wins face-off versus Rickard Rakell in REGINA FALCONS zone.
7:02 of 3rd period - Shot by Mikael Backlund.
7:02 of 3rd period - Shot Misses the Net.
7:04 of 3rd period - Shot by Tyler Toffoli.
7:04 of 3rd period - Stopped by Petr Mrazek with a rebound.
7:06 of 3rd period - Shot by Quinton Hughes.
7:06 of 3rd period - Stopped by Petr Mrazek without a rebound.
7:07 of 3rd period - Tyler Motte wins face-off versus Joel Eriksson Ek in REGINA FALCONS zone.
7:16 of 3rd period - Shot by Andrei Kuzmenko.
7:16 of 3rd period - Deflect By Tyler Motte.
7:16 of 3rd period - Shot Blocked by Joel Eriksson Ek.
7:18 of 3rd period - Shot by Eric Robinson.
7:18 of 3rd period - Shot Misses the Net.
7:20 of 3rd period - Shot by Tyler Motte.
7:20 of 3rd period - Stopped by Jordan Binnington without a rebound.
7:21 of 3rd period - Mikael Backlund wins face-off versus Devin Shore in BANFF WOLVES zone.
7:40 of 3rd period - Shot by Tyler Toffoli.
7:40 of 3rd period - Shot Misses the Net.
7:54 of 3rd period - Shot by Devin Shore.
7:54 of 3rd period - Shot Hit the Post.
8:12 of 3rd period - Shot by Andrei Kuzmenko.
8:12 of 3rd period - Stopped by Jordan Binnington without a rebound.
8:13 of 3rd period - Kyle Okposo wins face-off versus Jason Dickinson in BANFF WOLVES zone.
8:17 of 3rd period - Kyle Okposo is hit by Cam Fowler and loses puck.
8:44 of 3rd period - Shot by Roope Hintz.
8:44 of 3rd period - Deflect By Jason Dickinson.
8:44 of 3rd period - Shot Blocked by Kyle Okposo.
8:46 of 3rd period - Shot by Mats Zuccarello.
8:46 of 3rd period - Stopped by Petr Mrazek without a rebound.
8:47 of 3rd period - Joel Eriksson Ek wins face-off versus Tyler Motte in REGINA FALCONS zone.
8:50 of 3rd period - Shot by Eric Staal.
8:50 of 3rd period - Shot Misses the Net.
9:05 of 3rd period - Shot by Adam Erne.
9:05 of 3rd period - Stopped by Petr Mrazek without a rebound.
9:06 of 3rd period - Rickard Rakell wins face-off versus Mikael Backlund in REGINA FALCONS zone.
9:30 of 3rd period - Icing by Pierre-Olivier Joseph.
9:31 of 3rd period - Rickard Rakell wins face-off versus Jason Dickinson in REGINA FALCONS zone.
9:31 of 3rd period - Rickard Rakell is hit by Jason Dickinson.
9:37 of 3rd period - Shot by Mats Zuccarello.
9:37 of 3rd period - Shot Misses the Net.
11:11 of 3rd period - Shot by Mikael Backlund.
11:11 of 3rd period - Stopped by Petr Mrazek without a rebound.
11:12 of 3rd period - Joel Eriksson Ek wins face-off versus Kyle Okposo in REGINA FALCONS zone.
11:13 of 3rd period - Shot by Adam Erne.
11:13 of 3rd period - Stopped by Petr Mrazek with a rebound.
11:27 of 3rd period - Shot by Kyle Okposo.
11:27 of 3rd period - Deflect By Patrick Maroon.
11:27 of 3rd period - Stopped by Jordan Binnington without a rebound.
11:28 of 3rd period - Roope Hintz wins face-off versus Tyler Motte in BANFF WOLVES zone.
12:08 of 3rd period - Shot by Andrei Kuzmenko.
12:08 of 3rd period - Stopped by Jordan Binnington without a rebound.
12:09 of 3rd period - Kyle Okposo wins face-off versus Tyler Toffoli in BANFF WOLVES zone.
12:12 of 3rd period - Shot by Kyle Okposo.
12:12 of 3rd period - Stopped by Jordan Binnington without a rebound.
12:13 of 3rd period - Kyle Okposo wins face-off versus Mikael Backlund in BANFF WOLVES zone.
12:13 of 3rd period - Minor Penalty to Roman Josi for High sticking.
12:14 of 3rd period - Mikael Backlund wins face-off versus Rickard Rakell in BANFF WOLVES zone.
12:23 of 3rd period - Shot by Justin Schultz.
12:23 of 3rd period - Shot Blocked by Miro Heiskanen.
12:37 of 3rd period - Off-side.
12:38 of 3rd period - Roope Hintz wins face-off versus Tyler Motte in neutral zone.
12:49 of 3rd period - Shot by Andrei Kuzmenko.
12:49 of 3rd period - Goal by Andrei Kuzmenko - BANFF WOLVES : 0 - REGINA FALCONS : 3.
12:50 of 3rd period - Adam Henrique wins face-off versus Patric Hornqvist in neutral zone.
12:59 of 3rd period - Shot by Adam Henrique.
12:59 of 3rd period - Stopped by Petr Mrazek without a rebound.
13:00 of 3rd period - Adam Henrique wins face-off versus Rickard Rakell in REGINA FALCONS zone.
13:07 of 3rd period - Shot by Quinton Hughes.
13:07 of 3rd period - Stopped by Petr Mrazek without a rebound.
13:08 of 3rd period - Adam Henrique wins face-off versus Rickard Rakell in REGINA FALCONS zone.
14:18 of 3rd period - Shot by Eric Robinson.
14:18 of 3rd period - Shot Misses the Net.
14:37 of 3rd period - Icing by Tyler Motte.
14:38 of 3rd period - Joel Eriksson Ek wins face-off versus Tyler Motte in REGINA FALCONS zone.
14:39 of 3rd period - Shot by Eric Staal.
14:39 of 3rd period - Stopped by Petr Mrazek without a rebound.
14:40 of 3rd period - Kyle Okposo wins face-off versus Adam Erne in REGINA FALCONS zone.
15:01 of 3rd period - Shot by Patrick Maroon.
15:01 of 3rd period - Stopped by Jordan Binnington without a rebound.
15:02 of 3rd period - Jason Dickinson wins face-off versus Rickard Rakell in BANFF WOLVES zone.
15:02 of 3rd period - Roope Hintz is hit by Rickard Rakell and loses puck.
15:19 of 3rd period - Shot by Mats Zuccarello.
15:19 of 3rd period - Stopped by Petr Mrazek with a rebound.
15:21 of 3rd period - Shot by Mats Zuccarello.
15:21 of 3rd period - Stopped by Petr Mrazek without a rebound.
15:22 of 3rd period - Mikael Backlund wins face-off versus Tyler Motte in REGINA FALCONS zone.
17:26 of 3rd period - Shot by Patrick Maroon.
17:26 of 3rd period - Stopped by Jordan Binnington without a rebound.
17:27 of 3rd period - Devin Shore wins face-off versus Joel Eriksson Ek in BANFF WOLVES zone.
18:20 of 3rd period - Shot by Cam Fowler.
18:20 of 3rd period - Stopped by Petr Mrazek without a rebound.
18:21 of 3rd period - Max Jones wins face-off versus Artemi Panarin in REGINA FALCONS zone.
18:36 of 3rd period - Shot by Dominik Kubalik.
18:36 of 3rd period - Stopped by Jordan Binnington without a rebound.
18:37 of 3rd period - Jason Dickinson wins face-off versus Tyler Motte in BANFF WOLVES zone.
18:48 of 3rd period - Shot by Mats Zuccarello.
18:48 of 3rd period - Deflect By Roope Hintz.
18:48 of 3rd period - Shot Misses the Net.
19:10 of 3rd period - Shot by Andrei Kuzmenko.
19:10 of 3rd period - Stopped by Jordan Binnington without a rebound.
19:11 of 3rd period - Mikael Backlund wins face-off versus Rickard Rakell in BANFF WOLVES zone.
19:27 of 3rd period - Icing by Rickard Rakell.
19:28 of 3rd period - Adam Henrique wins face-off versus Rickard Rakell in REGINA FALCONS zone.
19:39 of 3rd period - Shot by Rickard Rakell.
19:39 of 3rd period - The goal is going for a video replay.
19:39 of 3rd period - The goal is refused.
19:40 of 3rd period - Mikael Backlund wins face-off versus Tyler Motte in BANFF WOLVES zone.
Goals for this period are 0 for BANFF WOLVES vs 1 for REGINA FALCONS.
Shots for this period are 15 for BANFF WOLVES vs 13 for REGINA FALCONS.


OWEN
TIPPETT
GUSTAV
FORSLING
MATTHEW
BOLDY

EAST COAST

HOCKEY LEAGUE

  • 67.PIT4RHI2
  • 68.ATL5WOR3
  • 69.QUECHW
  • 70.CHATRV